 Dungeon Crawl Stone Soup version 0.31.0-11-ge490571c62 (webtiles) character file.

Game seed: 15367445779710170424

2743 qw the Nimble (level 9, -1/44 HPs)
             Began as a Spriggan Hunter on Feb 4, 2024.
             Was an Initiate of Okawaru.
             Constricted to death by Erica (3 damage)
             ... on level 8 of the Dungeon.
             The game lasted 00:02:47 (4988 turns).

qw the Nimble (Spriggan Hunter)                     Turns: 4988, Time: 00:02:48

Health: -1/44      AC:  4    Str:  7    XL:     9   Next: 41%
Magic:  10/10      EV: 28    Int: 11    God:    Okawaru [......]
Gold:   357        SH:  0    Dex: 28    Spells: 8/8 levels left

rFire   . . .        h - +0 arbalest (heavy)
rCold   . . .        (shield currently unavailable)
rNeg    . . .        c - +1 robe
rPois   .            b - +1 hat
rElec   .            a - scarf {repulsion}
rCorr   .            (gloves unavailable)
SInv    +            (boots unavailable)
Will    +....        d - amulet of regeneration
Stlth   +++          e - +6 ring of dexterity
HPRegen 1.07/turn    (no ring)
MPRegen 0.12/turn

%: repel missiles
@: marked, constricted, very quick
A: very small, no large weapons, unfitting armour, see invisible, speed 3
a: Renounce Religion


You were on level 8 of the Dungeon.
You worshipped Okawaru.
Okawaru was noncommittal.
You visited 2 branches of the dungeon, and saw 9 of its levels.

You collected 978 gold pieces.
You spent 621 gold pieces at shops.


Innate Abilities, Weirdness & Mutations

You are very small and have problems with some larger weapons.
You are too small for most types of armour.
You have supernaturally acute eyesight. (SInv)
You cover ground extremely quickly. (Speed+++)


   Skills:
 - Level 3.6 Fighting
 + Level 9.8 Ranged Weapons
 - Level 11.4 Dodging
 - Level 1.5 Stealth


You had 8 spell levels left.
You didn't know any spells.
Your spell library was empty.

Inventory:

Hand Weapons
 h - a +0 heavy arbalest (weapon)
Armour
 a - a scarf of repulsion (worn)
 b - a +1 hat (worn)
 c - a +1 robe (worn)
Jewellery
 d - an amulet of regeneration (around neck)
 e - a +6 ring of dexterity (left hand)
 n - an amulet of reflection
Wands
 l - a wand of iceblast (11)
 m - a wand of quicksilver (6)
Scrolls
 k - a scroll of teleportation
 p - a scroll of amnesia {unknown}
Potions
 f - a potion of resistance
 g - 3 potions of mutation
 i - a potion of enlightenment
 j - a potion of ambrosia {unknown}
 o - a potion of might

Dungeon Overview and Level Annotations

Branches:
Dungeon (8/15)             Temple (1/1) D:5
   Lair: D:8-11

Altars:
Ashenzari
Dithmenos
Elyvilon
Fedhas
Gozag
Kikubaaqudgha
Makhleb
Nemelex Xobeh
Okawaru
Qazlal
Ru
Sif Muna
Trog
Vehumet
Wu Jian
Xom
Yredelemnul
Zin
The Shining One

Shops:
D:4 *

Annotations:
D:8 Erica


Message History

The bolt hits the orc!!!
You kill the orc!
Okawaru accepts your kill. The orc wizard closely misses you.
The orc wizard completely misses you.
Erica the Fiery-Tempered comes into view.
She is wielding a +1 scimitar of flaming.
4984 ||| ZAPPING wand of quicksilver (8) at -2,-1 (Erica; floor).
Aiming: Quicksilver Bolt
Press: ? - help, Q - select action, (/) - cycle Shift-Dir - straight line, f - Erica, p - orc wizard The bolt of dispelling energy misses the orc wizard.
The bolt of dispelling energy hits Erica!
Erica is moderately wounded.
The orc wizard completely misses you.
Erica says, "I'm so much better than you."
Erica mumbles some strange words.
Erica flickers and vanishes for a moment.
4985 ||| ZAPPING wand of quicksilver (7) at -2,-1 (Erica; floor).
Aiming: Quicksilver Bolt
Press: ? - help, Q - select action, (/) - cycle Shift-Dir - straight line, f/p - Erica The bolt of dispelling energy hits the orc wizard!
The orc wizard is almost dead.
The bolt of dispelling energy misses Erica.
You shoot a bolt. The bolt hits Erica.
Erica is moderately wounded.
Erica hits you with a +1 scimitar of flaming.
Erica burns you. Erica grabs you. Erica constricts you.
The orc wizard mumbles some strange words.
The orc wizard flickers and vanishes for a moment.
You shoot a bolt. The bolt closely misses Erica.
The bolt closely misses the orc wizard.
Erica barely misses you. Erica constricts you.
An orc wizard comes into view. It is wielding a +0 dagger.
Erica completely misses you. Erica constricts you.
You shoot a bolt. The bolt barely misses Erica.
The bolt hits the orc wizard!!!
You kill the orc wizard!
Okawaru accepts your kill.
Erica hits you with a +1 scimitar of flaming!!
Ouch! That really hurt!
Erica burns you! Erica constricts you.
You die...
Erica begins burbling mirthfully and uncontrollably.

#...'....+....
#...#....#.... #
#..###..##...# ..
#####..###..##...# ...
#.......#........# ....
#.......#........# .....
#.......#........#
)......#.......#........#
.....))x@......#........#
o)....#).#############+#
##....#..##...######## #
#....#..#...........#
+....#..#...........#
#....#..'......###'####
#...<'..########.......
#....#..# ...........
#....#..# ............


You could see Erica (invisible) and an orc wizard.

Vanquished Creatures
  Grinder (D:3)
  A hornet (D:7)
  Sigmund (D:2)
  2 water moccasins
  3 ogres
  An ice beast (D:6)
  A centaur (D:7)
  A kobold brigand (D:7)
  2 bullfrogs
  A gnoll sergeant (D:6)
  3 scorpions
  5 killer bees (D:7)
  A howler monkey (D:6)
  2 gnoll boudas
  2 hounds
  An orc priest (D:7)
  3 jellies
  2 sleepcaps
  An iguana (D:4)
  5 orc wizards
  Natasha (twice) (D:2)
  Terence (D:2)
  25 gnolls
  5 adders
  2 white imps
  2 ufetubi (D:7)
  3 dart slugs
  A ribbon worm (D:2)
  17 orcs
  5 ball pythons
  3 bats (D:1)
  6 endoplasms
  4 giant cockroaches
  8 goblins
  3 hobgoblins
  2 jackals (D:1)
  9 kobolds
  2 quokkas
  4 rats
143 creatures vanquished.

Vanquished Creatures (others)
  An arcanist (D:7)
1 creature vanquished.

Grand Total: 144 creatures vanquished

Notes
Turn   | Place    | Note
-------+----------+-------------------------------------------
     0 | D:1      | qw the Spriggan Hunter began the quest for the Orb.
     0 | D:1      | Reached XP level 1. HP: 10/10 MP: 2/2
     0 | D:1      | 0 ||| qw: Version: 0.3-a-160-g6735b56
     0 | D:1      | 0 ||| qw: Game counter: 5952
     0 | D:1      | 0 ||| qw: Melee chars always use a shield: true
     0 | D:1      | 0 ||| qw: God list: Okawaru
     0 | D:1      | 0 ||| qw: Allow faded altars: false
     0 | D:1      | 0 ||| qw: Do Orc after clearing Dungeon:15 true
     0 | D:1      | 0 ||| qw: Do second Lair branch before Depths: true
     0 | D:1      | 0 ||| qw: Lair rune preference: random
     0 | D:1      | 0 ||| qw: Goals: Normal
     0 | D:1      | 0 ||| PLANNING D:1-11
   106 | D:1      | Reached skill level 3 in Dodging
   257 | D:1      | Reached XP level 2. HP: 14/14 MP: 3/3
   307 | D:1      | Reached skill level 4 in Dodging
   504 | D:1      | Reached XP level 3. HP: 18/18 MP: 4/4
   586 | D:1      | 586 ||| UPGRADING to amulet of regeneration.
   591 | D:1      | 591 ||| READING scroll labelled JYEFYO ETOTO.
   592 | D:1      | 592 ||| READING scroll labelled IXTUIME SOUPH.
   593 | D:1      | 593 ||| READING scroll labelled MEVUR ZUYZ.
   594 | D:1      | 594 ||| READING 3 scrolls labelled KOEDWA CIJO.
   594 | D:1      | Identified 3 scrolls of acquirement
   594 | D:1      | 594 ||| ACQUIRING +0 heavy arbalest
   594 | D:1      | Acquired a +0 heavy arbalest
   596 | D:1      | 596 ||| SWAPPING to +0 heavy arbalest.
   597 | D:1      | 597 ||| DROPPING +0 shortbow.
   598 | D:1      | 598 ||| READING 2 scrolls of acquirement.
   598 | D:1      | 598 ||| ACQUIRING scarf of repulsion
   598 | D:1      | Acquired a scarf of repulsion
   599 | D:1      | 599 ||| READING scroll of acquirement.
   599 | D:1      | 599 ||| ACQUIRING 639 gold pieces
   599 | D:1      | Acquired 639 gold pieces
   601 | D:1      | 601 ||| UPGRADING to scarf of repulsion.
   606 | D:1      | 606 ||| READING scroll labelled BIFOAF DETYE.
   607 | D:1      | 607 ||| DRINKING 3 sapphire potions.
   658 | D:1      | 658 ||| DRINKING 2 yellow potions.
   659 | D:1      | 659 ||| DROPPING scroll of butterflies.
   660 | D:1      | 660 ||| DROPPING 2 potions of lignification.
   661 | D:1      | 661 ||| DROPPING potion of degeneration.
   682 | D:2      | Noticed Terence
   683 | D:2      | Killed Terence
   750 | D:2      | Noticed Natasha
   753 | D:2      | Killed Natasha
   754 | D:2      | Reached XP level 4. HP: 21/22 MP: 5/5
   777 | D:2      | Noticed Sigmund
   781 | D:2      | Killed Sigmund
   782 | D:2      | Reached skill level 3 in Fighting
   782 | D:2      | Reached XP level 5. HP: 27/28 MP: 6/6
   981 | D:2      | Found a faded altar of an unknown god.
  1014 | D:2      | Noticed Natasha
  1016 | D:2      | Killed Natasha
  1017 | D:2      | Reached XP level 6. HP: 31/32 MP: 7/7
  1103 | D:2      | 1103 ||| UPGRADING to +6 ring of dexterity.
  1104 | D:2      | 1104 ||| READING scroll labelled XAIWNI XUBEOHA.
  1104 | D:2      | 1104 ||| IDENTIFYING bubbling black potion
  1178 | D:3      | Reached skill level 5 in Dodging
  1279 | D:3      | Noticed Grinder
  1280 | D:3      | Paralysed by Grinder for 2 turns
  1281 | D:3      | Killed Grinder
  1282 | D:3      | Reached skill level 7 in Dodging
  1282 | D:3      | Reached XP level 7. HP: 36/36 MP: 8/8
  1754 | D:3      | 1754 ||| READING 4 scrolls of identify.
  1754 | D:3      | 1754 ||| IDENTIFYING orange potion
  1755 | D:3      | 1755 ||| READING 3 scrolls of identify.
  1755 | D:3      | 1755 ||| IDENTIFYING 2 sedimented white potions
  1756 | D:3      | 1756 ||| READING 2 scrolls of identify.
  1756 | D:3      | 1756 ||| IDENTIFYING scroll labelled DOANYC MOKUNTA
  1757 | D:3      | 1757 ||| READING scroll of identify.
  1757 | D:3      | 1757 ||| IDENTIFYING 3 scrolls labelled NAF NOENWAOHU
  1758 | D:3      | 1758 ||| DROPPING scroll of noise.
  1759 | D:3      | 1759 ||| DROPPING 3 scrolls of blinking.
  1760 | D:3      | 1760 ||| DROPPING 2 potions of attraction.
  2026 | D:4      | Reached skill level 6 in Ranged Weapons
  2278 | D:4      | Found a sacrificial altar of Ru.
  2296 | D:4      | Found Zoss's Assorted Antiques.
  2305 | D:4      | 2305 ||| BUYING lead wand (120 gold).
  2305 | D:4      | Bought a lead wand for 120 gold pieces
  2305 | D:4      | 2305 ||| BUYING scroll labelled GOCKAI EMAUB (30 gold).
  2305 | D:4      | Bought a scroll labelled GOCKAI EMAUB for 30 gold pieces
  2305 | D:4      | 2305 ||| BUYING scroll labelled KUL TEC CUCA (30 gold).
  2305 | D:4      | Bought a scroll labelled KUL TEC CUCA for 30 gold pieces
  2305 | D:4      | 2305 ||| BUYING wand of flame (21) (441 gold).
  2305 | D:4      | Bought a wand of flame (21) for 441 gold pieces
  2688 | D:4      | 2688 ||| DROPPING ring of wizardry.
  2689 | D:4      | 2689 ||| READING 2 scrolls of identify.
  2689 | D:4      | 2689 ||| IDENTIFYING murky orange potion
  2690 | D:4      | 2690 ||| READING scroll of identify.
  2690 | D:4      | 2690 ||| IDENTIFYING purple potion
  2691 | D:4      | 2691 ||| READING scroll labelled ENAMOVACHEO.
  2792 | D:4      | 2792 ||| READING scroll labelled GOCKAI EMAUB.
  2792 | D:4      | 2792 ||| ENCHANTING +0 robe.
  2793 | D:4      | 2793 ||| READING scroll labelled KUL TEC CUCA.
  2833 | D:5      | Entered Level 5 of the Dungeon
  2920 | D:5      | Identified the +4 ring mail of the Ferocious God {^Contam
                  | Rampage +Inv Dex-3}
  3028 | D:5      | Found a glowing golden altar of the Shining One.
  3105 | D:5      | Found a basalt altar of Yredelemnul.
  3206 | D:5      | Reached XP level 8. HP: 41/41 MP: 9/9
  3210 | D:5      | Found a shimmering blue altar of Sif Muna.
  3298 | D:5      | Reached skill level 8 in Dodging
  3451 | D:5      | Found a staircase to the Ecumenical Temple.
  3452 | D:5      | 3452 ||| PLANNING TEMPLE
  3452 | D:5      | 3452 ||| READING scroll of identify.
  3452 | D:5      | 3452 ||| IDENTIFYING glowing purple potion
  3453 | D:5      | 3453 ||| DROPPING potion of brilliance.
  3463 | Temple   | Entered the Ecumenical Temple
  3464 | Temple   | 3464 ||| PLANNING D:1-11
  3593 | D:5      | Found a white marble altar of Elyvilon.
  3779 | D:6      | Reached skill level 9 in Dodging
  3784 | D:6      | 3784 ||| RETREEEEATING.
  3786 | D:6      | 3786 ||| RETREEEEATING.
  3788 | D:6      | 3788 ||| RETREEEEATING.
  3789 | D:6      | 3789 ||| RETREEEEATING.
  3790 | D:6      | 3790 ||| RETREEEEATING.
  3869 | D:6      | 3869 ||| RETREEEEATING.
  3876 | D:6      | 3876 ||| RETREEEEATING.
  3884 | D:6      | Reached skill level 9 in Ranged Weapons
  4144 | D:6      | 4144 ||| UPGRADING to +1 hat.
  4191 | D:7      | Found a blossoming altar of Fedhas.
  4211 | D:7      | Reached skill level 10 in Dodging
  4287 | D:7      | Reached XP level 9. HP: 42/44 MP: 10/10
  4333 | D:7      | 4333 ||| RETREEEEATING.
  4334 | D:7      | 4334 ||| RETREEEEATING.
  4384 | D:7      | Identified the +9 sling "Zauxkih" {speed, Str+7}
  4388 | D:7      | Found an opulent altar of Gozag.
  4532 | D:7      | Found a bloodstained altar of Trog.
  4535 | D:7      | Noticed a wizard
  4543 | D:7      | Killed a wizard
  4613 | D:7      | Reached skill level 11 in Dodging
  4738 | D:7      | Found an iron altar of Okawaru.
  4739 | D:7      | 4739 ||| PLANNING OKAWARU WORSHIP
  4739 | D:7      | 4739 ||| READING scroll labelled BYASES JERUPOF.
  4740 | D:7      | 4740 ||| DROPPING wand of flame (38).
  4748 | D:7      | Became a worshipper of Warmaster Okawaru
  4749 | D:7      | 4749 ||| PLANNING D:1-11
  4983 | D:8      | Noticed Erica
  4984 | D:8      | 4984 ||| ZAPPING wand of quicksilver (8) at -2,-1 (Erica;
                  | floor).
  4985 | D:8      | 4985 ||| ZAPPING wand of quicksilver (7) at -2,-1 (Erica;
                  | floor).
  4988 | D:8      | HP: 11/44 [Erica/+1 scimitar of flaming (22)]
  4988 | D:8      | HP: 2/44 [Erica/+1 scimitar of flaming (9)]
  4988 | D:8      | Constricted to death by Erica

Levels and vault maps discovered:
D:1:      lightli_arrival_lavapool, layout_basic, minmay_statues_item,
          grunt_decor_junction, chequers_jeans
D:2:      layout_basic, hellmonk_ecumenical_altar_heavens_door, uniq_terence,
          uniq_sigmund, uniq_natasha
D:3:      layout_loops_ring, amcnicky_mini_corridor_feature, uniq_grinder
D:4:      layout_layer_cave, mainiacjoe_overflow_tiny_flanked, serial_shops,
          shop
D:5:      layout_basic, marbit_many_paths, kennysheep_ying_yang,
          overflow_temple_1_default, minmay_temple_entry_glass,
          supply_closet_lemuel, saegor_snake_ambush
D:6:      layout_cave_pools
D:7:      layout_loops_ring, trog_wizard, nicolae_overflow_hidden_temple,
          nicolae_gozag_cash_rules_everything_around_me,
          okawaru_altar_gauntlet_db
D:8:      layout_gridville, serial_shops, nicolae_stop_n_shop_2, uniq_erica
Temple:   hellmonk_temple_rainy

Skill      XL: |  1  2  3  4  5  6  7  8  9 |
---------------+----------------------------+-----
Dodging        | 3 4 7 10 11 | 11.4
Ranged Weapons | 5 7 9 |  9.8
Fighting       | 3 |  3.6
Stealth        | |  1.5

Action                     |  1- 3 |  4- 6 |  7- 9 || total
---------------------------+-------+-------+-------++-------
   Fire: Shortbow          |    49 |       |       ||    49
         Arbalest          |     8 |    33 |   195 ||   236
  Evoke: Wand              |       |       |     2 ||     2
    Use: Scroll            |     7 |     1 |    11 ||    19
         Potion            |     2 |       |       ||     2
 Armour: Robe              |     5 |     4 |    32 ||    41
  Dodge: Dodged            |    22 |    11 |   237 ||   270

Table legend:
 A = Non-vault XP
 B = Vault XP
 C = Vault XP percentage of total XP
 D = Non-vault monster count
 E = Vault monster count
 F = Vault count percentage of total count
                 A         B        C        D         E       F
            +---------+---------+-------+---------+---------+-------
      Total |    3246 |     708 |  17.9 |     132 |      11 |   7.7
            +---------+---------+-------+---------+---------+-------
        D:1 |      44 |       0 |   0.0 |      16 |       0 |   0.0
        D:2 |      67 |     275 |  80.4 |      11 |       3 |  21.4
        D:3 |     134 |     281 |  67.7 |      20 |       1 |   4.8
        D:4 |     204 |       0 |   0.0 |      15 |       0 |   0.0
        D:5 |     525 |     127 |  19.5 |      14 |       1 |   6.7
        D:6 |     781 |       0 |   0.0 |      20 |       0 |   0.0
        D:7 |    1305 |      25 |   1.9 |      28 |       6 |  17.6
        D:8 |     186 |       0 |   0.0 |       8 |       0 |   0.0
            +---------+---------+-------+---------+---------+-------
